 Dungeon Crawl Stone Soup version 0.24-a0-307-gf989941 (webtiles) character file.

Game seed: 2013545110164563515

64246 mhoghedin the Grappler (level 14, -1/162 HPs)
             Began as a Demigod Transmuter on May 13, 2019.
             Slain by a warg (13 damage)
             ... led by an orc warlord
             ... on level 2 of the Orcish Mines.
             The game lasted 01:07:43 (25018 turns).

mhoghedin the Grappler (Demigod Transmuter)        Turns: 25018, Time: 01:07:44

Health: -1/162     AC:  7    Str: 26    XL:     14   Next: 33%
Magic:  14/25      EV: 15    Int: 17    God:
Gold:   1203       SH:  0    Dex: 16    Spells: 1/23 levels left

rFire    . . .     SeeInvis .     - Unarmed
rCold    . . .     Gourm    .   (shield currently unavailable)
rNeg     . . .     Faith    .   (armour currently unavailable)
rPois    +         Spirit   .   (helmet currently unavailable)
rElec    .         Reflect  .   (cloak currently unavailable)
rCorr    .         Harm     .   (gloves currently unavailable)
MR       +....                  (boots currently unavailable)
Stlth    +.........             (no amulet)
HPRegen  0.37/turn              v - ring of wizardry {Wiz+, !d}
MPRegen  0.19/turn              o - +5 ring of strength

@: hydra-form, very slightly contaminated, lightly drained
A: very large, high mp 1
a: End Transformation


You were on level 2 of the Orcish Mines.
You were not hungry.
You were a four-headed hydra.
You visited 3 branches of the dungeon, and saw 18 of its levels.
You also visited: Sewer and Ice Cave.

You collected 1917 gold pieces.
You spent 714 gold pieces at shops.

Inventory:

Missiles
 t - 103 arrows
Armour
 c - a scarf of resistance (melded)
   (You found it on level 1 of the Lair of Beasts)
 m - a cursed +0 helmet (melded)
   (You found it on level 4 of the Lair of Beasts)
 s - a +0 pair of boots (melded)
   (You found it on level 1 of the Lair of Beasts)
 w - the +4 ring mail "Pamow" (melded) {rF+ Regen+ Str-2}
   (You bought it in a shop on level 9 of the Dungeon)

   It affects your strength (-2).
   It protects you from fire.
   It increases your rate of regeneration.
 z - a +2 pair of gloves of strength (melded)
   (You bought it in a shop on level 9 of the Dungeon)
Jewellery
 f - an uncursed ring of resist corrosion
   (You found it on level 1 of the Dungeon)
 g - an uncursed ring of see invisible {sInv, !d}
   (You found it on level 1 of the Dungeon)
 i - a cursed ring of protection from fire {rF+, !d}
   (You found it on level 1 of the Lair of Beasts)
 o - a +5 ring of strength (right foreclaw)
   (You found it on level 2 of the Lair of Beasts)
 v - a ring of wizardry (left foreclaw) {Wiz+, !d}
   (You found it on level 1 of the Lair of Beasts)
 x - an uncursed ring of protection from cold {rC+, !d}
   (You found it on level 7 of the Dungeon)
 y - a +4 ring of dexterity
   (You took it off an orc priest on level 7 of the Dungeon)
Wands
 r - a wand of flame (26)
   (You found it in an ice cave)
 A - a wand of enslavement (2)
   (You found it on level 2 of the Lair of Beasts)
 E - a wand of polymorph (3)
   (You found it on level 6 of the Lair of Beasts)
 F - a wand of disintegration (41)
   (You found it in an ice cave)
Scrolls
 h - 4 scrolls of enchant weapon
 l - 6 scrolls of remove curse
 u - a scroll of magic mapping {!r}
 B - 3 scrolls of identify
 D - a scroll of blinking {!r}
 K - a scroll of teleportation
 L - 2 scrolls of amnesia
Potions
 e - 2 potions of flight
 j - 6 potions of curing
 k - a potion of cancellation
 n - a potion of haste
 p - 5 potions of mutation {!q}
 q - 2 potions of ambrosia
 I - 2 potions of might
 J - a potion of brilliance
Miscellaneous
 a - a lamp of fire
   (You found it on level 9 of the Dungeon)
 G - a phial of floods
   (You found it in an ice cave)
 H - a box of beasts
Comestibles
 b - a chunk of flesh {@w0}
 d - 17 rations


   Skills:
 - Level 11.7(11.1) Fighting
 - Level 3.4(2.9) Armour
 - Level 11.8(11.2) Dodging
 - Level 12.0(11.4) Unarmed Combat
 - Level 5.0(4.5) Spellcasting
 + Level 0.8(0.3) Summonings
 - Level 11.1(10.5) Transmutations
 - Level 3.9(3.4) Ice Magic
   Level 1.3(0.9) Poison Magic


You had one spell level left.
You knew the following spells:

 Your Spells              Type           Power        Failure   Level  Hunger
a - Ice Form              Ice/Tmut       ####....     3%          4    ####...
b - Hydra Form            Tmut           #####.....   12%         6    #######
q - Aura of Abjuration    Summ           #.........   77%         5    ######.
s - Sticks to Snakes      Tmut           #####...     1%          2    ##.....
x - Blade Hands           Tmut           #####.....   2%          5    ######.

Your spell library contained the following spells:

 Spells                   Type           Power        Failure   Level  Hunger
 Beastly Appendage        Tmut           #####.       1%          1    None
 Summon Small Mammal      Summ           #...         5%          1    None
 Confusing Touch          Hex            #.....       6%          1    None
 Spider Form              Tmut/Pois      ###.......   1%          3    ###....
 Petrify                  Tmut/Erth      ###.....     7%          4    ####...
 Call Imp                 Summ           #.......     8%          2    ##.....
 Corpse Rot               Necr           N/A          9%          2    ##.....
 Call Canine Familiar     Summ           #.......     16%         3    ###....
 Recall                   Summ/Tloc      N/A          16%         3    ###....
 Summon Guardian Golem    Hex/Summ       #.......     16%         3    ###....
 Confuse                  Hex            #.......     17%         3    ###....
 Gell's Gravitas          Tloc           #.........   17%         3    ###....
 Stone Arrow              Conj/Erth      #.....       17%         3    ###....
 Yara's Violent Unravell  Hex/Tmut       ###.......   19%         5    ######.
 Summon Ice Beast         Ice/Summ       ##......     26%         4    ####...
 Summon Lightning Spire   Summ/Air       #.......     45%         4    ####...
 Animate Dead             Necr           N/A          50%         4    ####...
 Leda's Liquefaction      Hex/Erth       #.........   50%         4    ####...
 Metabolic Englaciation   Hex/Ice        #.........   58%         5    ######.
 Summon Demon             Summ           #.........   77%         5    ######.
 Summon Forest            Summ/Tloc      #.........   80%         5    ######.
 Summon Mana Viper        Hex/Summ       #.......     80%         5    ######.
 Borgnjor's Vile Clutch   Necr/Erth      #.........   82%         5    ######.
 Ozocubu's Refrigeration  Ice            ###.......   89%         6    #######
 Bolt of Cold             Conj/Ice       #.........   98%         6    #######
 Simulacrum               Ice/Necr       #.........   98%         6    #######
 Freezing Cloud           Conj/Ice/Air   #.........   99%         6    #######
 Shadow Creatures         Summ           N/A          99%         6    #######
 Death Channel            Necr           #.........   100%        6    #######
 Summon Hydra             Summ           #.........   100%        7    #######


Dungeon Overview and Level Annotations

Branches:
Dungeon (10/15)            Temple (0/1) D:4            Lair (6/6) D:8
  Swamp (0/4) Lair:3        Snake (0/4) Lair:2        Slime (0/5) Lair:5
    Orc (2/2) D:10            Elf (0/3) Orc:2

Shops:
D:5 !   D:9 *   D:10 (   Orc:2 %

Annotations:
Lair:3 exclusions: hydra and 1 more exclusion
Lair:4 1 runed translucent door, Bemoimo's ghost, journeyman DDEE
Orc:1 1 runed translucent door, Fapouwn's ghost, journeyman DsFi


Innate Abilities, Weirdness & Mutations

You have an increased reservoir of magic. (+10% MP)


Message History

The orc sorcerer points at you and mumbles some strange words.
The bolt of fire hits you! You resist.
You take 8 damage, and have 62/125 hp.
Okay, then.
Unknown command.
An orc comes into view. It is wielding a +0 hand axe.
The orc sorcerer gestures at you while chanting.
The bolt of negative energy misses you.
Your transformation is almost over.
The orc sorcerer gestures wildly while chanting.
As you read the scroll of teleportation, it crumbles to dust.
You feel strangely unstable. The orc warrior completely misses you.
Your surroundings suddenly seem different.
Found Ycwar's Food Shoppe.
Your hands revert to their normal proportions.
Your +2 pair of gloves of strength unmelds from your body.
You feel stronger.
You start resting.
An orc wizard comes into view. It is wielding a +0 dagger.
You regained 2 hp, and now have 75/125 hp.
An orc high priest comes into view. It is wielding a +0 flail.
The orc wizard casts a spell at you.
The puff of frost hits you but does no damage.
An orc comes into view. It is wielding a +0 hand axe.
An orc warrior comes into view. It is wielding a +0 hand axe.
The sentinel's mark upon you fades away.
An orc priest comes into view. It is wielding a +0 club.
The orc high priest prays to Beogh.
The orc wizard casts a spell at you.
The magic dart hits you but does no damage.
An orc priest comes into view.
There is an entrance to Ycwar's Food Shoppe here.
Okay, then.
Unknown command.
An orc warrior comes into view. It is wielding a -3 long sword.
The orc warrior shouts!
MP restored: 25 You miscast Hydra Form.
You are very lightly contaminated with residual magic.
Your body is twisted very painfully!
You are feeling hungry.
An orc high priest comes into view. It is wielding a +0 mace.
The orc wizard closely misses you.
An orc warrior comes into view. It is wielding a +0 dire flail.
The orc priest miscasts a cantrip.
The chaos spawn gores you but does no damage.
You take 16 damage, and have 62/125 hp.
You now have 19/25 mp.
You turn into a four-headed hydra.
Your scarf of resistance melds into your body.
Your cursed +0 helmet melds into your body.
Your +2 pair of gloves of strength melds into your body.
Your +0 pair of boots melds into your body.
The +4 ring mail "Pamow" {rF+ Regen+ Str-2} melds into your body.
You feel hot and cold all over.
You feel weaker.
The orc warrior shouts!
You hear a shout!
The orc high priest hits you but does no damage.
The orc hits you but does no damage. The chaos spawn gores you!
The chaos spawn shocks you.
You regained 5 hp, and now have 67/162 hp.
You now have 13/25 mp.
You nip at the orc warrior but do no damage.
You gouge the orc!!
You hungrily devour the orc!
You feel better.
You kill the orc!
You nip at the chaos spawn but do no damage.
You gouge the orc wizard!!
You hungrily devour the orc wizard!
You feel a lot less hungry.
You feel better.
You kill the orc wizard!
You gouge the orc high priest!!
The orange demon stings you from afar!
An orc warrior comes into view. It is wielding a +0 trident.
The orc warrior closely misses you.
You take 7 damage, and have 60/162 hp.
The orc warrior shouts!
You bite the orc high priest!
You gouge the orc warrior!!
You bite the orc warrior! You barely miss the chaos spawn.
The orc priest looks braver for a moment.
The chaos spawn closely misses you. The orange demon stings you from afar!
The orc high priest hits you with a +0 flail.
You take 11 damage, and have 49/162 hp.
The orc warrior shouts!
You gouge the orc warrior!!
You hungrily devour the orc warrior!
You feel a lot less hungry.
You feel better.
You kill the orc warrior!
You closely miss the orc warrior. You bite the chaos spawn!
You bite the orc high priest!
The orc priest calls down the wrath of Beogh upon you.
Beogh smites you!
* * * LOW HITPOINT WARNING * * *
The orc warrior misses you. The chaos spawn hits you!
* * * LOW HITPOINT WARNING * * *
The orange demon stings you from afar.
* * * LOW HITPOINT WARNING * * *
You take 22 damage, and have 27/162 hp.
You closely miss the orc high priest.
You nip at the chaos spawn but do no damage.
You bite the orc warrior!
You nip at the warg.
The orc high priest hits you with a +0 flail!
* * * LOW HITPOINT WARNING * * *
The warg bites you!
You die...

....##.#####+###
##...# # #
#..o.# # ##.oo#
# #..o# ##oo.##
##.4o..##
##..)oh..##
#...4Do...#
#....∩....#
#.........#
##.......##
##.....##
##...## #####


You could see 2 orc high priests, an orange demon, a chaos spawn, a warg, 5 orc
warriors and 2 orc priests.

Vanquished Creatures
  A white draconian (IceCv)
  5 hydras
  3 catoblepae (Lair:6)
  6 two-headed ogres
  Erica (Orc:1)
  15 death yaks
  An orc knight (Orc:2)
  3 orc sorcerers (Orc:2)
  2 deep elf magi (D:10)
  An ugly thing (D:10)
  2 manticores (Lair:6)
  7 elephants
  4 black mambas
  A molten gargoyle (Lair:1)
  15 spiny frogs
  An ice statue (IceCv)
  A gargoyle (D:10)
  8 komodo dragons
  2 rime drakes
  6 trolls
  16 polar bears
  9 blink frogs
  A hornet (D:10)
  Grinder (D:5)
  4 hippogriffs
  13 dream sheep
  A centaur simulacrum (D:10)
  Eustachio (D:5)
  2 wyverns
  3 basilisks
  44 yaks
  2 hungry ghosts
  Menkaure (D:5)
  3 wargs
  3 nagas (Lair:2)
  18 orc warriors
  6 porcupines
  10 water moccasins
  A sky beast (D:6)
  A black bear (Lair:4)
  2 phantoms
  2 ice beasts
  14 wolves (IceCv)
  5 centaurs
  6 ogres
  Blork the orc (D:5)
  3 big kobolds
  12 crocodiles
  12 bullfrogs
  2 gnoll sergeants
  A scorpion (D:8)
  5 killer bees (D:9)
  6 wights
  An electric eel (Lair:1)
  2 howler monkeys
  5 crimson imps
  2 hounds
  A quasit (D:9)
  3 bullfrog skeletons
  5 jellies (Lair:5)
  11 orc wizards
  13 orc priests
  4 iguanas
  6 worker ants
  A hound zombie (D:5)
  2 howler monkey skeletons
  12 adders
  25 gnolls
  A shadow imp (D:9)
  An ooze (Lair:5)
  An adder zombie (D:4)
  An adder skeleton (D:9)
  3 worms
  4 dart slugs
  9 leopard geckos
  58 orcs
  A ball python (D:5)
  7 giant cockroaches
  6 goblins
  10 hobgoblins
  9 jackals
  8 quokkas
  13 bats
  9 frilled lizards
  22 kobolds
  A leopard gecko zombie (D:8)
  3 quokka skeletons
  10 rats
  3 plants
569 creatures vanquished.

Vanquished Creatures (collateral kills)
  A two-headed ogre (D:8)
  A death yak (Lair:6)
  Edmund (D:4)
  A porcupine (Lair:3)
  An adder (D:2)
  A goblin (D:2)
6 creatures vanquished.

Vanquished Creatures (others)
  3 blink frogs (Lair:5)
  A wolf (IceCv)
  An orc (Orc:2)
  9 fungi
  18 plants
32 creatures vanquished.

Grand Total: 607 creatures vanquished

Notes
Turn   | Place    | Note
-------+----------+-------------------------------------------
     0 | D:1      | mhoghedin the Demigod Transmuter began the quest for the
                  | Orb.
     0 | D:1      | Reached XP level 1. HP: 15/15 MP: 5/5
    63 | D:1      | Reached skill level 2 in Transmutations
   123 | D:1      | HP: 3/15 [hobgoblin/+0 club (6)]
   124 | D:1      | Reached XP level 2. HP: 4/22 MP: 5/7
   418 | D:1      | Learned a level 2 spell: Sticks to Snakes
   535 | D:1      | Reached skill level 3 in Transmutations
  1011 | D:2      | Found a faded altar of an unknown god.
  1024 | D:2      | Reached XP level 3. HP: 27/27 MP: 6/8
  1033 | D:2      | Reached skill level 2 in Spellcasting
  1038 | D:2      | Learned a level 3 spell: Spider Form
  1296 | D:2      | Found a bloodstained altar of Trog.
  1331 | D:2      | Reached XP level 4. HP: 34/34 MP: 10/10
  1796 | D:2      | Reached skill level 1 in Poison Magic
  2064 | D:3      | Reached skill level 4 in Transmutations
  2263 | D:3      | Reached XP level 5. HP: 27/39 MP: 12/12
  2264 | D:3      | Found a shattered altar of Ashenzari.
  2279 | D:3      | HP: 6/39 [gnoll/+0 flail (10)]
  2579 | D:3      | Reached skill level 1 in Fighting
  3079 | D:3      | Reached skill level 2 in Dodging
  3079 | D:3      | Reached skill level 3 in Unarmed Combat
  3094 | D:3      | Reached XP level 6. HP: 15/48 MP: 11/13
  3382 | D:4      | Reached skill level 2 in Fighting
  3785 | D:4      | Found a blossoming altar of Fedhas.
  3846 | D:4      | HP: 12/48 [poisoned by an orc]
  3852 | D:4      | HP: 9/48 [poisoned by an orc]
  3858 | D:4      | HP: 7/48 [poisoned by an orc]
  3866 | D:4      | HP: 6/48 [poisoned by an orc]
  3874 | D:4      | HP: 6/48 [poisoned by an orc]
  4348 | D:4      | Found a staircase to the Ecumenical Temple.
  4373 | D:4      | Noticed Edmund
  4689 | D:4      | Killed Edmund
  4689 | D:4      | Reached skill level 3 in Dodging
  5208 | D:4      | Reached skill level 4 in Unarmed Combat
  5445 | D:4      | Reached skill level 3 in Fighting
  5445 | D:4      | Reached XP level 7. HP: 57/57 MP: 12/14
  5611 | D:5      | Entered Level 5 of the Dungeon
  5618 | D:5      | Noticed Menkaure
  5624 | D:5      | HP: 11/57 [Menkaure (12)]
  5625 | D:5      | HP: 2/57 [Menkaure/nerve-wracking pain (10)]
  5632 | D:5      | Killed Menkaure
  5833 | D:5      | Noticed Eustachio
  5845 | D:5      | Killed Eustachio
  5845 | D:5      | Reached skill level 4 in Dodging
  5943 | D:5      | Found a glowing drain.
  5956 | Sewer    | Entered a sewer
  6008 | Sewer    | Reached skill level 4 in Fighting
  6116 | D:5      | Found Pimuw's Distillery.
  6119 | D:5      | Noticed Grinder
  6135 | D:5      | Killed Grinder
  6135 | D:5      | Reached skill level 5 in Unarmed Combat
  6153 | D:5      | Reached XP level 8. HP: 46/66 MP: 8/15
  6163 | D:5      | HP: 16/67 [gnoll/+0 spear (3)]
  6172 | D:5      | HP: 14/67 [gnoll/uncursed staff of fire (4)]
  6484 | D:5      | Reached skill level 5 in Dodging
  6641 | D:5      | Bought a potion of curing for 42 gold pieces
  6781 | D:5      | Noticed Blork the orc
  6788 | D:5      | Killed Blork the orc
  6788 | D:5      | Reached skill level 5 in Fighting
  6873 | D:5      | Found a hide-covered altar of Uskayaw.
  7111 | D:6      | Reached skill level 6 in Unarmed Combat
  7339 | D:6      | Found a white marble altar of Elyvilon.
  7776 | D:7      | Found a shimmering altar of Xom.
  8140 | D:7      | Reached skill level 6 in Dodging
  8148 | D:7      | Found an iron altar of Okawaru.
  8150 | D:7      | Found a radiant altar of Vehumet.
  8152 | D:7      | Found an ancient bone altar of Kikubaaqudgha.
  8152 | D:7      | Found a sparkling altar of Nemelex Xobeh.
  8193 | D:7      | Reached XP level 9. HP: 64/75 MP: 13/16
  8240 | D:7      | Reached skill level 6 in Fighting
  8465 | D:7      | Learned a level 4 spell: Ice Form
  8472 | D:7      | Found a sacrificial altar of Ru.
  8472 | D:7      | Found a glowing silver altar of Zin.
  8787 | D:8      | Noticed a two-headed ogre
  8826 | D:8      | Killed a two-headed ogre
  8826 | D:8      | Reached skill level 7 in Unarmed Combat
  9019 | D:8      | Reached skill level 7 in Dodging
  9081 | D:8      | Reached skill level 7 in Fighting
  9088 | D:8      | Noticed a death yak
  9089 | D:8      | Noticed an elephant
  9117 | D:8      | Killed a death yak
  9150 | D:8      | Killed an elephant
  9150 | D:8      | Reached skill level 8 in Unarmed Combat
  9150 | D:8      | Reached XP level 10. HP: 80/86 MP: 11/17
  9207 | D:8      | Found a staircase to the Lair.
  9597 | Lair:1   | Entered Level 1 of the Lair of Beasts
  9608 | Lair:1   | Found a hazy altar of Hepliaklqana.
  9636 | Lair:1   | Noticed a four-headed hydra
  9641 | Lair:1   | Killed a four-headed hydra
  9641 | Lair:1   | Reached skill level 8 in Fighting
  9641 | Lair:1   | Reached skill level 8 in Dodging
 10491 | Lair:1   | Reached skill level 9 in Unarmed Combat
 10876 | Lair:1   | Noticed an eight-headed hydra
 10906 | Lair:1   | Killed an eight-headed hydra
 10906 | Lair:1   | Reached skill level 9 in Dodging
 11271 | Lair:1   | Reached skill level 9 in Fighting
 11271 | Lair:1   | Reached XP level 11. HP: 83/97 MP: 15/18
 12575 | Lair:2   | Found a staircase to the Snake Pit.
 12915 | Lair:3   | Reached skill level 10 in Unarmed Combat
 12995 | Lair:3   | Reached skill level 3 in Spellcasting
 13009 | Lair:3   | Reached skill level 1 in Ice Magic
 13562 | Lair:3   | Reached skill level 2 in Ice Magic
 13603 | Lair:3   | Found a staircase to the Swamp.
 13654 | Lair:3   | Reached skill level 5 in Transmutations
 14019 | Lair:3   | Reached skill level 3 in Ice Magic
 14044 | Lair:3   | Noticed a six-headed hydra
 14048 | Lair:3   | HP: 27/116 [six-headed hydra (13)]
 14066 | Lair:3   | Noticed a six-headed hydra
 14068 | Lair:3   | HP: 9/97 [porcupine (7)]
 14079 | Lair:3   | HP: 23/97 [porcupine (1)]
 14404 | Lair:3   | HP: 23/116 [six-headed hydra (15)]
 14405 | Lair:3   | Killed a six-headed hydra
 14799 | Lair:4   | Found a frozen archway.
 14810 | Lair:4   | Learned a level 5 spell: Blade Hands
 14819 | IceCv    | Entered an ice cave
 14838 | IceCv    | Reached skill level 6 in Transmutations
 15309 | IceCv    | Reached skill level 7 in Transmutations
 15309 | IceCv    | Reached XP level 12. HP: 85/105 MP: 17/21
 15384 | IceCv    | Reached skill level 8 in Transmutations
 15904 | IceCv    | Reached skill level 9 in Transmutations
 15927 | IceCv    | Reached skill level 10 in Dodging
 16250 | IceCv    | Noticed a white draconian
 16278 | IceCv    | Reached skill level 10 in Fighting
 16588 | IceCv    | Killed a white draconian
 16648 | Lair:4   | You fall through a shaft for 2 floors!
 16648 | Lair:6   | Entered Level 6 of the Lair of Beasts
 16951 | Lair:5   | Found a staircase to the Slime Pits.
 17663 | Lair:4   | Reached skill level 4 in Spellcasting
 17984 | Lair:4   | Reached skill level 10 in Transmutations
 18189 | Lair:4   | Found a runed translucent door.
 18733 | Lair:4   | Noticed Bemoimo's ghost (journeyman DDEE)
 18970 | Lair:5   | Learned a level 6 spell: Hydra Form
 19017 | Lair:6   | Reached XP level 13. HP: 113/113 MP: 18/24
 19058 | Lair:6   | Reached skill level 5 in Spellcasting
 19441 | Lair:6   | HP: 35/146 [elephant (3)]
 19442 | Lair:6   | Reached skill level 11 in Transmutations
 19445 | Lair:6   | HP: 10/146 [blink frog (8)]
 21239 | Lair:6   | Reached skill level 11 in Unarmed Combat
 21309 | Lair:6   | Reached skill level 11 in Dodging
 21322 | Lair:6   | HP: 18/115 [death yak (25)]
 21867 | Lair:6   | Reached skill level 11 in Fighting
 22745 | D:9      | Found Nyin's General Store.
 22748 | D:9      | Bought the +4 ring mail "Pamow" {rF+ Regen+ Str-2} for 439
                  | gold pieces
 22748 | D:9      | Bought a +0 pair of gloves of strength for 149 gold pieces
 22748 | D:9      | Bought a scroll of teleportation for 39 gold pieces
 22748 | D:9      | Bought a scroll of amnesia for 45 gold pieces
 22980 | D:10     | Entered Level 10 of the Dungeon
 23079 | D:10     | Found a staircase to the Orcish Mines.
 23145 | D:10     | Reached skill level 1 in Armour
 23150 | D:10     | Reached XP level 14. HP: 66/124 MP: 17/25
 23156 | D:10     | HP: 38/161 [centaur/arrow (5)]
 23173 | D:10     | HP: 25/124 [two-headed ogre/+0 giant club (15)]
 23190 | D:10     | Reached skill level 2 in Armour
 23454 | D:10     | Found Atwiciro's Weapon Emporium.
 23773 | Orc:1    | Entered Level 1 of the Orcish Mines
 23920 | Orc:1    | Found a roughly hewn altar of Beogh.
 24051 | Orc:1    | Noticed Erica
 24057 | Orc:1    | Killed Erica
 24148 | Orc:1    | Found a runed translucent door.
 24148 | Orc:1    | Found a shimmering altar of Xom.
 24148 | Orc:1    | Noticed Fapouwn's ghost (journeyman DsFi)
 24398 | Orc:2    | Entered Level 2 of the Orcish Mines
 24556 | Orc:2    | Reached skill level 3 in Armour
 24756 | Orc:2    | Learned a level 5 spell: Aura of Abjuration
 24842 | Orc:2    | Found a staircase to the Elven Halls.
 24939 | Orc:2    | Reached skill level 12 in Unarmed Combat
 24971 | Orc:2    | Found a roughly hewn altar of Beogh.
 24971 | Orc:2    | Noticed an orc warlord
 25000 | Orc:2    | Found Ycwar's Food Shoppe.
 25017 | Orc:2    | HP: 30/162 [chaos spawn[an orc high priest] (13)]
 25018 | Orc:2    | HP: 12/162 [orc high priest/+0 flail (15)]
 25018 | Orc:2    | Slain by a warg

Levels and vault maps discovered:
D:1:      sevenhm_arrival_forest_fort_large_2, layout_rooms
D:2:      layout_basic, lemuel_doored_altar, chequers_ecumenical_altar_island,
          mrwooster_statue_mirror
D:3:      layout_basic, cheibrodos_ashenzari_chains
D:4:      layout_gridville, kennysheep_mini, minmay_temple_entry_sparse_star,
          first_ration, uniq_edmund
D:5:      layout_loops_ring, nicolae_overflow_hidden_temple, serial_shops,
          nicolae_shop_window_shopping, cheibrodos_sewer_entry_sluice,
          uniq_blork_the_orc, uniq_grinder, uniq_menkaure, uniq_eustachio
D:6:      layout_basic, elyvilon_altar_1
D:7:      layout_loops_ring, grunt_temple_overflow_open,
          gammafunk_temple_overflow_forgotten, hangedman_decor_slide_cut
D:8:      layout_basic, david_lair_generic
D:9:      layout_roguey, serial_shops, kennysheep_mini_moat
D:10:     minmay_the_grid_triangle_9x9_rhombus_thin_mashed
          [minmay_the_grid_triangle_9x9_checkered,
          minmay_the_grid_triangle_9x9_prize_insulated,
          minmay_the_grid_triangle_9x9_longest,
          minmay_the_grid_triangle_9x9_alien], layout_basic, serial_shops,
          shop_fountains
Lair:1:   layout_gridlike, basic_altar, grunt_megastairs_2,
          serial_bayou_shore_b, lemuel_fruit_fields
Lair:2:   layout_long_grid, guppyfry_snake_entry_island, serial_bayou_pond_c,
          lemuel_fruit_tree
Lair:3:   layout_loops_ring, swamp_mist, wad_woods_road_01, bh_chokoban,
          nzn_random_ring
Lair:4:   layout_cave_pods, portal_ice_cave_entry_pillars_1,
          ebering_ghost_inner_flame, gauntlet_entry_generic
Lair:5:   layout_misc_corridors, nicolae_slime_entry_slimehenge
Lair:6:   evilmike_catoblepas_cave, layout_regular_city, serial_bayou_shore_a
Orc:1:    layout_caves, ebering_ghost_xom, basic_altar, uniq_erica
Orc:2:    pubby_orc_utopia

Skill      XL: |  1  2  3  4  5  6  7  8  9 10 11 12 13 14 |
---------------+-------------------------------------------+-----
Transmutations | 2 3 4 7 10 11 | 11.1
Spellcasting   | 2 3 4 5 |  5.0
Poison Magic   | 1 |  1.3
Fighting       | 1 3 4 5 7 9 10 11 | 11.7
Dodging        | 2 3 4 6 7 9 10 11 | 11.8
Unarmed Combat | 3 4 5 6 8 9 10 11 12 | 12.0
Ice Magic      | 3 |  3.9
Armour         | 1 3 |  3.4
Summonings     | |  0.8

Action                   |  1- 3 |  4- 6 |  7- 9 | 10-12 | 13-15 || total
-------------------------+-------+-------+-------+-------+-------++-------
Melee: Spear             |   116 |   109 |       |       |       ||   225
       Kick              |    13 |    11 |    11 |       |       ||    35
       Headbutt          |     2 |     2 |    10 |       |       ||    14
       Unarmed           |       |   120 |   146 |   525 |   480 ||  1271
       Punch             |       |     1 |     4 |    14 |    16 ||    35
       Flail             |       |     7 |   170 |       |       ||   177
 Cast: Beastly Appendage |    14 |    12 |    15 |       |       ||    41
       Sticks to Snakes  |     2 |     6 |     8 |    15 |    21 ||    52
       Spider Form       |       |    17 |    20 |     9 |       ||    46
       Ice Form          |       |       |       |    31 |     2 ||    33
       Blade Hands       |       |       |       |    26 |    31 ||    57
       Hydra Form        |       |       |       |     1 |    20 ||    21
Evoke: Wand              |       |       |       |    14 |     1 ||    15
  Use: Scroll            |       |     7 |    11 |    12 |    12 ||    42
       Potion            |       |       |     9 |     5 |     2 ||    16
 Stab: Sleeping          |     2 |     3 |     5 |       |       ||    10
       Distracted        |       |     1 |     2 |     1 |     1 ||     5
       Confused          |       |       |       |       |     2 ||     2
  Eat: Chunk             |     2 |     9 |     1 |    28 |     2 ||    42
       Ration            |       |     2 |     4 |     7 |     3 ||    16
Armor: Robe              |    19 |    16 |    78 |     6 |     7 ||   126
       Skin              |       |     6 |     3 |    28 |    44 ||    81
       Ring mail         |       |       |       |       |    44 ||    44
Dodge: Dodged            |    63 |   156 |   348 |   430 |   364 ||  1361

Table legend:
 A = Non-vault XP
 B = Vault XP
 C = Vault XP percentage of total XP
 D = Non-vault monster count
 E = Vault monster count
 F = Vault count percentage of total count
                 A         B        C        D         E       F
            +---------+---------+-------+---------+---------+-------
      Total |   43906 |   47874 |  52.2 |     383 |     192 |  33.4
            +---------+---------+-------+---------+---------+-------
        D:1 |      43 |       0 |   0.0 |      25 |       0 |   0.0
        D:2 |     136 |       0 |   0.0 |      25 |       0 |   0.0
        D:3 |     282 |       0 |   0.0 |      27 |       0 |   0.0
        D:4 |     269 |     151 |  36.0 |      23 |       1 |   4.2
        D:5 |     536 |     730 |  57.7 |      20 |       6 |  23.1
        D:6 |     648 |       0 |   0.0 |      17 |       0 |   0.0
        D:7 |     737 |       0 |   0.0 |      23 |       0 |   0.0
        D:8 |    2346 |    1585 |  40.3 |      18 |       4 |  18.2
        D:9 |    2334 |       0 |   0.0 |      26 |       0 |   0.0
       D:10 |    1865 |    5966 |  76.2 |      32 |      19 |  37.3
     Lair:1 |    5992 |     815 |  12.0 |      21 |       2 |   8.7
     Lair:2 |    2429 |     482 |  16.6 |      12 |       3 |  20.0
     Lair:3 |    3921 |    2333 |  37.3 |      17 |       8 |  32.0
     Lair:4 |    3755 |       0 |   0.0 |      15 |       0 |   0.0
     Lair:5 |    4326 |     226 |   5.0 |      19 |       6 |  24.0
     Lair:6 |   12824 |   13066 |  50.5 |      32 |      23 |  41.8
      Orc:1 |    1463 |     912 |  38.4 |      31 |       1 |   3.1
      Orc:2 |       0 |    7755 | 100.0 |       0 |      60 | 100.0
      Sewer |       0 |     104 | 100.0 |       0 |       6 | 100.0
      IceCv |       0 |   13749 | 100.0 |       0 |      53 | 100.0
            +---------+---------+-------+---------+---------+-------

Levels and vault maps discovered:
D:1:      sevenhm_arrival_forest_fort_large_2, layout_rooms
D:2:      layout_basic, lemuel_doored_altar, chequers_ecumenical_altar_island,
          mrwooster_statue_mirror
D:3:      layout_basic, cheibrodos_ashenzari_chains
D:4:      layout_gridville, kennysheep_mini, minmay_temple_entry_sparse_star,
          first_ration, uniq_edmund
D:5:      layout_loops_ring, nicolae_overflow_hidden_temple, serial_shops,
          nicolae_shop_window_shopping, cheibrodos_sewer_entry_sluice,
          uniq_blork_the_orc, uniq_grinder, uniq_menkaure, uniq_eustachio
D:6:      layout_basic, elyvilon_altar_1
D:7:      layout_loops_ring, grunt_temple_overflow_open,
          gammafunk_temple_overflow_forgotten, hangedman_decor_slide_cut
D:8:      layout_basic, david_lair_generic
D:9:      layout_roguey, serial_shops, kennysheep_mini_moat
D:10:     minmay_the_grid_triangle_9x9_rhombus_thin_mashed
          [minmay_the_grid_triangle_9x9_checkered,
          minmay_the_grid_triangle_9x9_prize_insulated,
          minmay_the_grid_triangle_9x9_longest,
          minmay_the_grid_triangle_9x9_alien], layout_basic, serial_shops,
          shop_fountains
Lair:1:   layout_gridlike, basic_altar, grunt_megastairs_2,
          serial_bayou_shore_b, lemuel_fruit_fields
Lair:2:   layout_long_grid, guppyfry_snake_entry_island, serial_bayou_pond_c,
          lemuel_fruit_tree
Lair:3:   layout_loops_ring, swamp_mist, wad_woods_road_01, bh_chokoban,
          nzn_random_ring
Lair:4:   layout_cave_pods, portal_ice_cave_entry_pillars_1,
          ebering_ghost_inner_flame, gauntlet_entry_generic
Lair:5:   layout_misc_corridors, nicolae_slime_entry_slimehenge
Lair:6:   evilmike_catoblepas_cave, layout_regular_city, serial_bayou_shore_a
Orc:1:    layout_caves, ebering_ghost_xom, basic_altar, uniq_erica
Orc:2:    pubby_orc_utopia

Table legend:
 A = Turns spent in this place as a percentage of turns spent in the entire game.
 B = Non-inter-level travel turns spent in this place as a percentage of non-inter-level travel turns spent in the entire game.
 C = Inter-level travel turns spent in this place as a percentage of turns spent in this place.
 D = Turns resting spent in this place as a percentage of non-inter-level travel turns spent in this place.
 E = Turns spent auto-exploring this place as a percentage of non-inter-level travel turns spent in this place.
 F = Non-inter-level travel turns spent in this place divided by the number of levels of this place that you've seen.
                   A       B       C       D       E      F
               +-------+-------+-------+-------+-------+----------------------
         Total | 100.0 | 100.0 |   3.0 |  41.3 |  39.9 | 1213.9
       Dungeon |  43.1 |  43.0 |   3.1 |  29.8 |  49.8 | 1044.5
          Lair |  44.4 |  44.2 |   3.2 |  52.3 |  32.4 | 1789.8
  Orcish Mines |   5.0 |   4.9 |   3.9 |   7.4 |  62.4 | 598.5
         Sewer |   0.4 |   0.4 |   0.0 |   0.0 |  37.1 |  97.0
      Ice Cave |   7.2 |   7.4 |   0.0 |  66.9 |  12.9 | 1800.0
               +-------+-------+-------+-------+-------+----------------------

Table legend:
 A = Kills in this place as a percentage of kills in entire the game.
 B = Kills by you in this place as a percentage of kills by you in the entire game.
 C = Kills by friends in this place as a percentage of kills by friends in the entire game.
 D = Other kills in this place as a percentage of other kills in the entire game.
 E = Experience gained in this place as a percentage of experience gained in the entire game.
 F = Experience gained in this place divided by the number of levels of this place that you have seen.
                   A       B       C       D       E      F
               +-------+-------+-------+-------+-------+----------------------
         Total | 100.0 | 100.0 | 100.0 | 100.0 | 100.0 | 4589.0
       Dungeon |  46.3 |  46.3 |  66.7 |   0.0 |  19.2 | 1762.8
          Lair |  27.5 |  27.0 |  33.3 | 100.0 |  54.7 | 8361.5
  Orcish Mines |  16.0 |  16.3 |   0.0 |   0.0 |  11.0 | 5065.0
         Sewer |   1.0 |   1.1 |   0.0 |   0.0 |   0.1 | 104.0
      Ice Cave |   9.2 |   9.4 |   0.0 |   0.0 |  15.0 | 13749.0
               +-------+-------+-------+-------+-------+----------------------
